 Dungeon Crawl Stone Soup version 0.30-a0-782-ge64f9170bb (webtiles) character file.

Game seed: 346995837194969785

26 Leeroy the Slasher (level 3, -1/19 HPs)
             Began as a Vine Stalker Monk on Mar 7, 2023.
             Slain by a hobgoblin (2 damage)
             ... led by Robin
             ... on level 2 of the Dungeon.
             The game lasted 00:02:03 (580 turns).

Leeroy the Slasher (Vine Stalker Monk)               Turns: 580, Time: 00:02:04

Health: -1/19      AC:  2    Str: 13    XL:     3   Next: 8%
Magic:  0/4        EV: 13    Int: 10    God:
Gold:   29         SH:  0    Dex: 18    Spells: 2/2 levels left

rFire   . . .      SeeInvis .    a - +0 falchion
rCold   . . .      Faith    .    (no shield)
rNeg    . . .      Spirit   +    b - +0 robe
rPois   .          Reflect  .    (no helmet)
rElec   .          Harm     .    (no cloak)
rCorr   .          Rampage  .    (no gloves)
Will    .....                    (no boots)
Stlth   ++                       (no amulet)
HPRegen 0.23/turn                (no ring)
MPRegen 0.09/turn                (no ring)

@: no status effects
A: fangs 2, magic shield, antimagic bite, no potion heal 2
a: no special abilities


You were on level 2 of the Dungeon.
You visited 1 branch of the dungeon, and saw 2 of its levels.

You collected 29 gold pieces.

Inventory:

Hand Weapons
 a - a +0 falchion (weapon)
Armour
 b - a +0 robe (worn)
Scrolls
 d - 2 scrolls of fear {unknown}
 e - 2 scrolls of identify {unknown}
 h - a scroll of enchant armour {unknown}
Potions
 c - a potion of ambrosia
 f - a potion of degeneration {unknown}
 g - 2 potions of brilliance {unknown}


   Skills:
 - Level 2.6 Fighting
 + Level 3.8 Long Blades
 - Level 2.4 Dodging
 - Level 2.4 Stealth


You had 2 spell levels left.
You didn't know any spells.
Your spell library contained the following spells:

 Spells                   Type           Power      Damage    Failure   Level
 Magic Dart               Conj           0%         1d3       36%         1
 Call Imp                 Summ           0%         N/A       50%         2
 Mephitic Cloud           Conj/Pois/Air  0%         N/A       75%         3


Dungeon Overview and Level Annotations

Branches:
Dungeon (1/15)

Altars:

Shops:
D:2 [

Annotations:
D:2 Natasha, Robin


Innate Abilities, Weirdness & Mutations

You have extremely sharp teeth.
When hurt, damage is shared between your health and your magic reserves.
Your bite disrupts and absorbs the magic of your enemies.
Potions cannot restore your health.


Message History

The goblin hits you with a +0 dagger.
* * * LOW HITPOINT WARNING * * *
You closely miss the goblin. The goblin closely misses you.
The goblin hits you with a +0 dagger.
* * * LOW HITPOINT WARNING * * *
You hit the goblin.
You kill the goblin!
You barely miss the goblin.
The goblin is heavily wounded.
The goblin hits you with a +0 club.
* * * LOW HITPOINT WARNING * * *
You slash the goblin!
You kill the goblin!
You have reached level 3!
Your experience leads to an increase in your attributes!
Increase (S)trength, (I)ntelligence, or (D)exterity?
You feel agile. x2
You completely miss the goblin. Your bite misses the goblin.
The goblin barely misses you.
You miss the goblin. You bite the goblin. You drain its power.
You feel invigorated.
The goblin is moderately wounded.
The goblin barely misses you. The hobgoblin closely misses you.
You closely miss the goblin. You bite the goblin.
You kill the goblin!
The hobgoblin barely misses you. The hobgoblin closely misses you.
The goblin hits you with a +0 dagger.
* * * LOW HITPOINT WARNING * * *
You hit the goblin.
The goblin is severely wounded.
The hobgoblin hits you.
* * * LOW HITPOINT WARNING * * *
The goblin barely misses you.
You miss the goblin. You bite the goblin.
You kill the goblin!
The hobgoblin misses you.
You hit the hobgoblin.
The hobgoblin is almost dead.
The hobgoblin hits you.
You die...

.## #.# ## .J# ##.## # ###.# ..#
#...## . ####...# ..# #..$##.#
####.....###### ..### #...##.#
#.###..##......
....#####...#.#)###.##...##......
....#........# #@#.....#.†#......
#.....gg....## ##g....###........
...g#....gg.g###.#.....#..#......
....#####...#.#g###......##......
..### #...#.gg..†.#.#####......
#.# #.......#####.#.# ####### #.#
#.#...#.#####.#.# ..#
#.##.......##.#.#
#######.#####.##.##.#.#


You could see a hobgoblin.

Vanquished Creatures
  A worm (D:2)
  A dart slug (D:1)
  An endoplasm (D:1)
  7 goblins
  2 hobgoblins (D:2)
  2 ball pythons
  A bat (D:1)
  A frilled lizard (D:1)
  2 kobolds (D:1)
  2 rats (D:1)
20 creatures vanquished.

Notes
Turn   | Place    | Note
-------+----------+-------------------------------------------
     0 | D:1      | Leeroy the Vine Stalker Monk began the quest for the Orb.
     0 | D:1      | Reached XP level 1. HP: 11/11 MP: 2/2
   100 | D:1      | Reached skill level 3 in Long Blades
   132 | D:1      | Reached XP level 2. HP: 16/16 MP: 3/3
   249 | D:1      | You fall into a shaft and drop 1 floor!
   288 | D:2      | Found Istruisue's Antique Armour Shoppe.
   289 | D:2      | Noticed Natasha
   300 | D:2      | Noticed a crimson imp
   542 | D:2      | Noticed Robin
   575 | D:2      | Reached XP level 3. HP: 1/19 MP: 1/4
   580 | D:2      | Slain by a hobgoblin

Illustrated notes

Levels and vault maps discovered:
D:1:      elethiomel_arrival_infinity_welcomes_careful_drivers, layout_rooms,
          serial_shops, nicolae_shop_stone, minmay_pentomino_q2
D:2:      minmay_evil_eye, layout_loops_cross, serial_shops,
          nicolae_shop_advertising_works [nicolae_subvault_shop_adworks],
          uniq_robin, uniq_natasha

Skill      XL: |  1 |
---------------+----+-----
Long Blades    | 3 |  3.8
Fighting       | |  2.6
Dodging        | |  2.4
Stealth        | |  2.4

Action                     || total
---------------------------++-------
  Melee: Falchion          ||    55
         Bite              ||     7
   Stab: Sleeping          ||     1
 Armour: Robe              ||    17
  Dodge: Dodged            ||    68

Table legend: (Time is in decaauts)
 A = Elapsed time spent in this place.
 B = Non-inter-level travel time spent in this place.
 C = Inter-level travel time spent in this place.
 D = Time resting spent in this place.
 E = Time spent auto-exploring this place.
 F = Levels seen in this place.
 G = Mean time per level.
                   A        B        C        D        E       F      G
               +--------+--------+--------+--------+--------+-----+--------+
         Total |    587 |    587 |      0 |      5 |    351 |   2 |  293.5 |
       Dungeon |    587 |    587 |      0 |      5 |    351 |   2 |  293.5 |
               +--------+--------+--------+--------+--------+-----+--------+

Top non-repeatable levels by time:
     D:2: 335 daAuts
     D:1: 252 daAuts
